 Dungeon Crawl Stone Soup version 0.32-a0-520-g344ed53f66 (webtiles) character file.

Game seed: 3877893968083930903

125 hikkokomori the Chopper (level 4, -2/38 HPs)
             Began as a Mountain Dwarf Monk on Feb 28, 2024.
             Slain by Crazy Yiuf
             ... wielding a +4 quarterstaff of chaos
              (8 damage)
             ... on level 3 of the Dungeon.
             The game lasted 00:04:11 (2576 turns).

hikkokomori the Chopper (Mountain Dwarf Monk)       Turns: 2576, Time: 00:04:12

Health: -2/38      AC:  7    Str: 16    XL:     4   Next: 82%
Magic:  4/4        EV: 10    Int: 10    God:
Gold:   170        SH:  8    Dex: 12    Spells: 3/3 levels left

rFire   + . .        a - +0 hand axe
rCold   + . .        m - +0 kite shield
rNeg    + . .        r - +2 leather armour of the Sea {rN+}
rPois   +            (no helmet)
rElec   +            (no cloak)
rCorr   +            (no gloves)
SInv    .            p - +1 pair of boots
Will    +....        (no amulet)
Stlth   +            n - ring of willpower
HPRegen 0.26/turn    (no ring)
MPRegen 0.09/turn

%: no passive effects
@: resistant
A: runic magic, artefact enchanting
a: no special abilities


You were on level 3 of the Dungeon.
You visited 1 branch of the dungeon, and saw 3 of its levels.

You collected 170 gold pieces.

Inventory:

Hand Weapons
 a - a +0 hand axe (weapon)
Armour
 b - a +0 robe
 d - an orb of light
 e - a +0 ring mail
 m - a +0 kite shield (worn)
 p - a +1 pair of boots (worn)
 r - the +2 leather armour of the Sea (worn) {rN+}
   (You found it on level 2 of the Dungeon)

   rN+:       It protects you from negative energy.
Magical Staves
 g - a staff of air
Jewellery
 n - a ring of willpower (left hand)
Talismans
 w - a storm talisman
Scrolls
 f - 2 scrolls of vulnerability {unknown}
 h - 2 scrolls of fog {unknown}
 i - 2 scrolls of identify {unknown}
 j - a scroll of torment {unknown}
 k - a scroll of brand weapon {unknown}
 l - a scroll of immolation {unknown}
 o - a scroll of amnesia {unknown}
Potions
 c - 2 potions of ambrosia
 q - a potion of resistance
 s - a potion of brilliance {unknown}
 t - a potion of lignification {unknown}
 u - a potion of might {unknown}
 v - a potion of mutation {unknown}


   Skills:
 - Level 3.2 Fighting
 + Level 6.0 Axes
 - Level 2.1 Dodging
 + Level 2.4 Shields


You had 3 spell levels left.
You didn't know any spells.
Your spell library contained the following spells:

 Spells                   Type           Power      Damage    Failure   Level
 Shock                    Conj/Air       0%         1d3       77%         1
 Swiftness                Air            0%         N/A       98%         3
 Airstrike                Air            0%         2d(0-16)  100%        4
 Fulminant Prism          Conj/Alch      0%         3d5       100%        4
 Conjure Ball Lightning   Conj/Air       0%         3x3d6     100%        6


Dungeon Overview and Level Annotations

Branches:
Dungeon (3/15)

Altars:
Cheibriados

Annotations:
D:3 Crazy Yiuf


Innate Abilities, Weirdness & Mutations

Your spellcasting is much less encumbered by armour.
You can use scrolls of enchantment on lesser artefacts.


Message History

You continue removing your orb of light. x3
You finish removing your orb of light.
You start putting on your armour.
You continue putting on your +0 kite shield. x5
Crazy Yiuf screams, "Adder down water!"
You finish putting on your +0 kite shield.
Unknown command.
You open the door. You closely miss Crazy Yiuf. You block Crazy Yiuf's attack.
You hit Crazy Yiuf.
Crazy Yiuf is moderately wounded.
Crazy Yiuf hits you with a +4 quarterstaff of chaos!
You block Crazy Yiuf's attack.
You completely miss Crazy Yiuf.
Crazy Yiuf is lightly wounded.
Crazy Yiuf hits you with a +4 quarterstaff of chaos!
You barely miss Crazy Yiuf.
Crazy Yiuf is lightly wounded.
Crazy Yiuf hits you with a +4 quarterstaff of chaos.
You convulse.
You closely miss Crazy Yiuf.
Crazy Yiuf is lightly wounded.
Crazy Yiuf hits you with a +4 quarterstaff of chaos!
* * * LOW HITPOINT WARNING * * *
You slash Crazy Yiuf!
Crazy Yiuf is heavily wounded.
Crazy Yiuf barely misses you.
It was a potion of resistance.
You feel protected. You block Crazy Yiuf's attack.
You hit Crazy Yiuf but do no damage.
Crazy Yiuf is heavily wounded.
You block Crazy Yiuf's attack.
You hit Crazy Yiuf.
Crazy Yiuf is severely wounded.
You block Crazy Yiuf's attack.
You hit Crazy Yiuf.
Crazy Yiuf is severely wounded.
Crazy Yiuf hits you with a +4 quarterstaff of chaos!
You die...

...#.#..#.# #.#
#.#..........
..#.....#.####.#
#.#.#####.##.
#.#..........#.#
#.#.# #..#.
#.#.....########
##### ##...
#.#.....## ###.
.......<.# #######
#. ..#.^...## ###
###.#.P.### #.
..#......#
#รท..##..#..#...##
#. ........##
#...g@####......#
#. .#####.##
#)..###
##..#..#####.
.##.##.### ###
####........
.........#
#........
#......###
#........ #...####
###........ #...#
#.#........
#...#######.
#..........
#...........
###........


You could see Crazy Yiuf.

Vanquished Creatures
  Natasha (thrice) (D:3)
  2 ribbon worms
  3 ball pythons
  6 endoplasms
  3 giant cockroaches (D:2)
  8 goblins
  4 hobgoblins
  7 kobolds
  2 bats (D:1)
  2 frilled lizards
  2 rats
42 creatures vanquished.

Notes
Turn   | Place    | Note
-------+----------+-------------------------------------------
     0 | D:1      | hikkokomori the Mountain Dwarf Monk began the quest for the
                  | Orb.
     0 | D:1      | Reached XP level 1. HP: 19/19 MP: 1/1
   105 | D:1      | Reached skill level 4 in Axes
   366 | D:1      | Reached XP level 2. HP: 26/26 MP: 2/2
   429 | D:1      | Got the Papyrus of Blows
   785 | D:1      | Reached skill level 5 in Axes
  1022 | D:2      | Reached XP level 3. HP: 31/31 MP: 3/3
  1423 | D:2      | Identified the +2 leather armour of the Sea {rN+}
  1741 | D:2      | Found a faded altar of an unknown god.
  2051 | D:3      | Found a snail-covered altar of Cheibriados.
  2051 | D:3      | Noticed a torpor snail
  2117 | D:3      | Noticed Natasha
  2123 | D:3      | Killed Natasha
  2124 | D:3      | Reached skill level 1 in Shields
  2124 | D:3      | Reached XP level 4. HP: 34/38 MP: 4/4
  2192 | D:3      | Noticed Natasha
  2201 | D:3      | Killed Natasha
  2203 | D:3      | Noticed Natasha
  2212 | D:3      | Killed Natasha
  2213 | D:3      | Reached skill level 6 in Axes
  2410 | D:3      | Found a runed translucent door.
  2411 | D:3      | Noticed Crazy Yiuf
  2576 | D:3      | Slain by Crazy Yiuf

Illustrated notes

Levels and vault maps discovered:
D:1:      erik_arrival_cave_to_civilisation [erik_arrival_cave_to_hall],
          layout_basic, interstate_on_off
D:2:      layout_basic, dilly_ecumenical_altar_fadedgnrine
D:3:      layout_basic, nzn_wu_jian_contemplation, cheibriados_altar_2,
          chequers_mini_garden, uniq_natasha, uniq_crazy_yiuf_cottage

Skill      XL: |  1  2  3  4 |
---------------+-------------+-----
Axes           | 4 5 6 |  6.0
Shields        | 1 2 |  2.4
Fighting       | |  3.2
Dodging        | |  2.1

Action                     |  1- 3 |  4- 6 || total
---------------------------+-------+-------++-------
  Melee: Hand axe          |   112 |    41 ||   153
    Use: Potion            |       |     1 ||     1
 Armour: Ring mail         |    45 |       ||    45
         Robe              |     4 |       ||     4
         Leather armour    |    14 |    17 ||    31
  Dodge: Dodged            |    47 |     7 ||    54
         Repelled          |     1 |     1 ||     2
  Block: Kite shield       |       |     5 ||     5

Table legend: (Time is in decaauts)
 A = Elapsed time spent in this place.
 B = Non-inter-level travel time spent in this place.
 C = Inter-level travel time spent in this place.
 D = Time resting spent in this place.
 E = Time spent auto-exploring this place.
 F = Levels seen in this place.
 G = Mean time per level.
                   A        B        C        D        E       F      G
               +--------+--------+--------+--------+--------+-----+--------+
         Total |   2583 |   2428 |    155 |      0 |   1977 |   3 |  861.0 |
       Dungeon |   2583 |   2428 |    155 |      0 |   1977 |   3 |  861.0 |
               +--------+--------+--------+--------+--------+-----+--------+

Top non-repeatable levels by time:
     D:1: 999 daAuts
     D:2: 953 daAuts
     D:3: 630 daAuts
